 Dungeon Crawl Stone Soup version 0.17-a0-1105-gbe8b664 (webtiles) character file.

265 ewhitman the Covered (level 5, -4/46 (47) HPs)
             Began as a Minotaur Fighter on May 22, 2015.
             Was an Initiate of the Shining One.
             Slain by an ogre
             ... wielding a +0 giant spiked club
              (20 damage)
             ... on level 3 of the Dungeon.
             The game lasted 00:29:50 (3848 turns).

ewhitman the Covered (Minotaur Fighter)             Turns: 3848, Time: 00:29:50

HP:   -4/46 (47)    AC:  7    Str: 18      XL:     5   Next: 99%
MP:   4/4           EV:  6    Int:  5      God:    the Shining One [......]
Gold: 67            SH: 10    Dex: 12 (13) Spells: 0 memorised, 4 levels left

rFire  . . .     SeeInvis .     a - +1 long sword
rCold  . . .     Clarity  .     e - +0 chain mail
rNeg   . . .     SustAb   .     c - +1 shield
rPois  .         Gourm    .     u - +1 hat
rElec  .         Spirit   .     (no cloak)
rCorr  .         Warding  .     (no gloves)
rMut   .         Stasis   .     (no boots)
MR     .....                    (no amulet)
Stlth  ..........               (no ring)
                                (no ring)

@: not resistant to hostile enchantments, extremely unstealthy
A: retaliatory headbutt, horns 2, agile 1, deformed body, deterioration 2,
screaming 2, weak 1
a: Renounce Religion


You were on level 3 of the Dungeon.
You worshipped the Shining One.
The Shining One was noncommittal.
You were not hungry.

You visited 1 branch of the dungeon, and saw 4 of its levels.

You collected 67 gold pieces.

Inventory:

Hand weapons
 a - a +1 long sword (weapon)
 f - a +0 hunting sling {sling}
 o - a cursed -1 dagger
Missiles
 h - 40 bolts
 k - 26 sling bullets
 m - 8 tomahawks (quivered)
 n - 41 arrows
Armour
 b - a +0 scale mail
 c - a +1 shield (worn)
 e - a +0 chain mail (worn)
 i - a +2 robe of magic resistance
 l - a +0 leather armour of cold resistance
 u - a +1 hat (worn)
Magical devices
 j - a wand of paralysis (14)
 q - a wand of teleportation (1)
Scrolls
 p - a scroll of blinking
 r - a scroll of enchant armour
 s - a scroll of enchant weapon
Potions
 d - a potion of might


   Skills:
 + Level 4.8 Fighting
 + Level 2.9 Long Blades
 + Level 1.0(1.1) Slings
 + Level 0.4(0.8) Throwing
 + Level 5.5 Armour
 + Level 2.1 Dodging
 + Level 4.8 Shields


You had 4 spell levels left.
You didn't know any spells.

Dungeon Overview and Level Annotations

Branches:
Dungeon (4/15)
 Temple: D:4-7

Altars:
Fedhas
Xom
The Shining One

Annotations:
D:3 Natasha


Innate Abilities, Weirdness & Mutations

You reflexively headbutt those who attack you in melee.
You have a pair of horns on your head.
You are agile. (Dex +2)
Armour fits poorly on your strangely shaped body.
Your body often deteriorates upon taking damage.
You sometimes yell uncontrollably at your foes.
You are weak. (Str -2)


Message History

The orc wizard gestures wildly while chanting.
The orc wizard blinks!
You see here 24 stones.
There is a stone staircase leading up here.
The ogre completely misses you.
You climb upwards.
Level annotation: Natasha
There is a stone staircase leading down here.
Use which ability? (? or * to list)
Okay, then.
You don't know any spells.
Unknown command.
You hit the ogre. You headbutt the ogre.
The ogre is moderately wounded.
The ogre barely misses you.
You hit the ogre.
The ogre is severely wounded.
The ogre hits you with a giant spiked club!!
You die...
Xom laughs nastily!

### #.# #.#### #..... ########
#.#### # #......# #.# #
########.##...# #.#### #
#......#..#...############.##..
###.####.#......@O...............
.##.####)#..##.##############...#
.##.#....#..#..............##...#
.##.#.####..#...##......##.##...#
....#.# #..#....#..#.#.##.##...#
#####.# #..#...##..#...........#
#####.####..#.........#.##.....##
.............................>.##
#####.####............#.##.......


You could see an ogre.

Vanquished Creatures
  A phantom (D:4)
  A worker ant (D:4)
  Natasha (twice) (D:3)
  6 adders
  2 worms (D:2)
  A giant gecko (D:3)
  5 orcs
  9 bats
  4 goblins
  9 hobgoblins
  2 jackals (D:2)
  3 quokkas
  A ball python (D:3)
  3 giant newts
  4 kobolds
  5 rats
58 creatures vanquished.

Notes
Turn   | Place    | Note
--------------------------------------------------------------
     0 | D:1      | ewhitman the Minotaur Fighter began the quest for the Orb.
     0 | D:1      | Reached XP level 1. HP: 19/19 MP: 0/0
   428 | D:1      | Reached XP level 2. HP: 27/27 MP: 1/1
   680 | D:2      | Reached skill level 4 in Armour
   766 | D:2      | Reached XP level 3. HP: 14/33 MP: 2/2
   977 | D:2      | Reached skill level 1 in Dodging
  1134 | D:2      | Found a shimmering altar of Xom.
  1135 | D:2      | Found a shimmering altar of Xom.
  1135 | D:2      | Found a shimmering altar of Xom.
  1137 | D:2      | Found a shimmering altar of Xom.
  1138 | D:2      | Found a shimmering altar of Xom.
  1147 | D:2      | Became a worshipper of Xom of Chaos
  1614 | D:2      | Gained mutation: You occasionally shout uncontrollably at your foes. [potion of mutation]
  1614 | D:2      | Gained mutation: You sometimes yell uncontrollably at your foes. [potion of mutation]
  1614 | D:2      | Gained mutation: Your body sometimes deteriorates upon taking damage. [potion of mutation]
  1667 | D:3      | Found a blossoming altar of Fedhas.
  1735 | D:3      | Reached XP level 4. HP: 41/41 MP: 3/3
  1807 | D:3      | Noticed Natasha
  1812 | D:3      | XOM: smoke on damage
  1816 | D:3      | Killed Natasha
  1940 | D:3      | XOM: harmless Tloc miscast
  2006 | D:3      | XOM: mild Necr miscast
  2062 | D:3      | Found a glowing golden altar of the Shining One.
  2084 | D:3      | XOM: 3-stop teleportation journey
  2097 | D:3      | Fell from the grace of Xom
  2097 | D:3      | Became a worshipper of the Shining One
  2142 | D:3      | Noticed Natasha
  2146 | D:3      | Killed Natasha
  2198 | D:3      | XOM: mild Necr miscast
  2226 | D:3      | HP: 2/40 [poisoned by an adder]
  2234 | D:3      | HP: 1/40 [poisoned by an adder]
  2241 | D:3      | Noticed Natasha
  2340 | D:2      | XOM: medium Hex miscast
  2553 | D:3      | XOM: give mutations
  2553 | D:3      | Gained mutation: You are frail (-10% HP). [Xom's mischief]
  2553 | D:3      | Gained mutation: Your body often deteriorates upon taking damage. [Xom's mischief]
  2587 | D:3      | XOM: medium Tloc miscast
  2788 | D:3      | XOM: give mutations
  2788 | D:3      | Gained mutation: You are weak. (Str -2) [Xom's mischief]
  2788 | D:3      | Lost mutation: You are frail (-10% HP). [Xom's mischief]
  2788 | D:3      | Gained mutation: Armour fits poorly on your strangely shaped body. [Xom's mischief]
  2788 | D:3      | Gained mutation: You are agile. (Dex +2) [Xom's mischief]
  3102 | D:3      | Reached XP level 5. HP: 46/46 MP: 4/4
  3584 | D:4      | Noticed a phantom
  3600 | D:4      | Killed a phantom
  3600 | D:4      | Reached skill level 5 in Armour
  3615 | D:4      | Reached skill level 1 in Slings
  3795 | D:4      | Noticed an ogre
  3848 | D:3      | Slain by an ogre

Vault maps used:
D:1:      sevenhm_arrival_forest_fort_small_4
D:2:      xom_redecorated, kennysheep_generic_room_13
D:3:      lemuel_doored_altar, fedhas_altar_1, uniq_natasha
D:4:      serial_shops, kennysheep_mini, fountainhead

Action                   |  1- 3 |  4- 6 || total
-------------------------+-------+-------++-------
Melee: Long sword        |    85 |    98 ||   183
 Fire: Hunting sling     |     4 |     8 ||    12
Throw: Tomahawk          |       |     7 ||     7
  Use: Scroll            |     6 |     1 ||     7
       Potion            |     2 |     2 ||     4
  Eat: Beef jerky        |     1 |       ||     1
       Chunk             |     1 |       ||     1
       Meat ration       |       |     1 ||     1
       Bread ration      |       |     1 ||     1
